 Dungeon Crawl Stone Soup version 0.29-a0-284-gf9362112df (webtiles) character file.

Game seed: 1989161869773756277

136964 spaghetti the Warrior (level 17, -1/90 HPs)
             Began as a Vine Stalker Earth Elementalist on Mar 21, 2022.
             Was the Champion of Qazlal.
             Slain by the 27-headed Lernaean hydra (5 damage)
             ... on level 3 of the Swamp.
             The game lasted 00:57:59 (26417 turns).

spaghetti the Warrior (VSEE)                       Turns: 26417, Time: 00:57:59

Health: -1/90      AC: 32    Str: 14    XL:     17   Next: 22%
Magic:  0/23       EV: 13    Int: 24    God:    Qazlal [******]
Gold:   2594       SH: 26    Dex: 13    Spells: 15/23 levels left

rFire   . . .      SeeInvis .   t - +9 dagger of the Freezing Genius {vamp, *Slow rC++ Int+5, short}
rCold   + + .      Faith    .   l - +1 tower shield
rNeg    + + +      Spirit   +   V - +4 plate armour of Gravity {rN+++ Will- Dex-3 Slay+5}
rPois   .          Reflect  .   w - +0 helmet
rElec   .          Harm     .   (no cloak)
rCorr   .          Rampage  .   I - +0 pair of gloves
Will    +....                   H - +0 pair of boots
Stlth   ..........              (no amulet)
HPRegen 1.05/turn               s - +4 ring of evasion
MPRegen 0.18/turn               U - +4 ring of evasion

@: about to teleport, protected from physical damage, repel missiles
A: fangs 3, regeneration 1, magic shield, antimagic bite, no potion heal 2,
iridescent scales 3, frail 1
a: Renounce Religion, Upheaval, Elemental Force, Disaster Area


You were on level 3 of the Swamp.
You worshipped Qazlal.
Qazlal was exalted by your worship.
You visited 4 branches of the dungeon, and saw 27 of its levels.
You visited the Abyss 2 times.
You also visited: Sewer and Ice Cave.

You collected 2675 gold pieces.
You spent 81 gold pieces at shops.


Innate Abilities, Weirdness & Mutations

You have razor-sharp teeth.
Your natural rate of healing is unusually fast.
When hurt, damage is shared between your health and your magic reserves.
Your bite disrupts and absorbs the magic of your enemies.
Potions cannot restore your health.
You are completely covered in iridescent scales. (AC +6)
You are frail. (-10% HP)


   Skills:
 - Level 16.5 Fighting
 - Level 10.0 Short Blades
 - Level 11.2 Armour
 - Level 9.1 Dodging
 - Level 2.4 Stealth
 + Level 12.6 Shields
 - Level 3.9 Spellcasting
 - Level 3.0 Conjurations
 - Level 1.0 Transmutations
 - Level 2.0 Air Magic
 - Level 4.0 Earth Magic
 + Level 4.7 Invocations


You had 15 spell levels left.
You knew the following spells:

 Your Spells              Type           Power      Damage    Failure   Level
a - Swiftness             Air            14%        N/A       100%        3
b - Passwall              Tmut/Erth      13%        N/A       100%        2
c - Stone Arrow           Conj/Erth      42%        3d9       100%        3

Your spell library contained the following spells:

 Spells                   Type           Power      Damage    Failure   Level
 Sandblast                Erth           46%        2d11      98%         1
 Animate Skeleton         Necr           8%         N/A       100%        1
 Freeze                   Ice            16%        1d4       100%        1
 Pain                     Necr           16%        1d4       100%        1
 Slow                     Hex            16%        N/A       100%        1
 Sting                    Tmut/Pois      28%        1d4       100%        1
 Ensorcelled Hibernation  Hex/Ice        8%         N/A       100%        2
 Poisonous Vapours        Pois/Air       18%        N/A       100%        2
 Sublimation of Blood     Necr           4%         N/A       100%        2
 Wereblood                Tmut           9%         N/A       100%        2
 Confusing Touch          Hex            4%         N/A       100%        3
 Conjure Flame            Conj/Fire      11%        6-21      100%        3
 Frozen Ramparts          Ice            8%         1d2       100%        3
 Ignite Poison            Fire/Tmut/Pois 6%         N/A       100%        3
 Ozocubu's Armour         Ice            4%         N/A       100%        3
 Vampiric Draining        Necr           4%         2d6       100%        3
 Hailstorm                Conj/Ice       11%        3d5       100%        4
 Olgreb's Toxic Radiance  Pois           4%         N/A       100%        4
 Petrify                  Tmut/Erth      16%        N/A       100%        4
 Sticky Flame             Conj/Fire      11%        2d3       100%        4
 Freezing Cloud           Conj/Ice/Air   6%         6-21      100%        5
 Summon Forest            Summ/Tloc      2%         N/A       100%        5
 Summon Mana Viper        Hex/Summ       4%         N/A       100%        5
 Eringya's Noxious Bog    Tmut/Pois      3%         N/A       100%        6
 Simulacrum               Ice/Necr       2%         N/A       100%        6
 Summon Cactus Giant      Summ           2%         N/A       100%        6
 Ozocubu's Refrigeration  Ice            2%         4d5       100%        7
 Summon Hydra             Summ           2%         N/A       100%        7
 Polar Vortex             Ice            2%         N/A       100%        9

Inventory:

Hand Weapons
 t - the +9 dagger of the Freezing Genius (weapon) {vamp, *Slow rC++ Int+5, short}
   (You found it on level 2 of the Dungeon)

   It occasionally heals its wielder for a portion of the damage dealt when it
   wounds a living foe.
   Int:       It affects your intelligence (+5).
   rC:        It greatly protects you from cold.
   *Slow:     It may slow you when you take damage.
 y - the +8 dagger of the Thirsty Heavens {freeze, Int+3 Dex+2, short}
   (You found it on level 9 of the Dungeon)

   It freezes those it strikes, dealing additional cold damage.
   It can also slow down cold-blooded creatures.
   Int:       It affects your intelligence (+3).
   Dex:       It affects your dexterity (+2).
 O - a +3 vampiric eveningstar {macerare=g}
   (You took it off Louise on level 1 of the Swamp)
Missiles
 a - 760 stones (quivered) {throwing}
 C - a curare-tipped dart {=fthrowing}
 Z - 5 boomerangs of dispersal {=f!fthrowing}
Armour
 h - a +2 crystal plate armour of cold resistance {rare=g}
   (You found it in an ice cave)
 l - a +1 tower shield (worn)
   (You found it on level 1 of the Dungeon)
 w - a +0 helmet (worn)
   (You found it on level 2 of the Dungeon)
 H - a +0 pair of boots (worn)
   (You found it on level 13 of the Dungeon)
 I - a +0 pair of gloves (worn)
   (You found it on level 5 of the Dungeon)
 V - the +4 plate armour of Gravity (worn) {rN+++ Will- Dex-3 Slay+5}
   (You found it on level 7 of the Dungeon)

   Dex:       It affects your dexterity (-3).
   Slay:      It affects your accuracy & damage with ranged weapons and melee
   (+5).
   rN:        It renders you almost immune to negative energy.
   Will:      It decreases your willpower.
Magical Staves
 d - a staff of poison {!astaff}
   (You found it on level 11 of the Dungeon)
Jewellery
 m - the amulet "Nekoiph" {Regen+ Int+4}
   (You found it on level 4 of the Lair of Beasts)

   [amulet of regeneration]

   Int:       It affects your intelligence (+4).
   Regen:     It increases your rate of health regeneration.
 s - a +4 ring of evasion (left hand)
   (You found it on level 1 of the Dungeon)
 U - a +4 ring of evasion (right hand)
   (You found it on level 7 of the Dungeon)
Scrolls
 g - 5 scrolls of teleportation {@r4}
 j - 5 scrolls of enchant armour
 k - 5 scrolls of identify {@r1}
 n - 2 scrolls of immolation {!r!r}
 q - 8 scrolls of brand weapon
 A - 9 scrolls of vulnerability {!r!r}
 B - 3 scrolls of silence {!r}
 G - 6 scrolls of magic mapping {!r}
 L - a scroll of blinking {!r}
 R - 3 scrolls of fog
Potions
 b - a potion of cancellation
 c - 6 potions of magic
 e - 5 potions of lignification {!q}
 i - 3 potions of attraction {!q}
 r - 6 potions of mutation {!q}
 v - 5 potions of flight
 z - 11 potions of curing {@q1}
 D - 6 potions of might
 P - 16 potions of ambrosia
 X - a potion of invisibility
Miscellaneous
 E - a box of beasts (inert)
   (You found it on level 14 of the Dungeon)

Dungeon Overview and Level Annotations

Branches:
Dungeon (15/15)            Temple (0/1) D:5            Lair (6/6) D:8
  Swamp (4/4) Lair:2       Spider (0/4) Lair:3        Slime (0/5) Lair:5
    Orc (2/2) D:9             Elf (0/3) Orc:2        Vaults (0/5) D:14
 Depths (0/4) D:15          Sewer (visited)           IceCv (visited)

Altars:
Dithmenos
Elyvilon
Fedhas
Kikubaaqudgha
Nemelex Xobeh
Qazlal
Ru
Trog
Uskayaw
Vehumet
Yredelemnul
The Shining One
Beogh
Jiyva

Shops:
D:3 *   D:4 :   Orc:2 [[:=

Portals:
Trove: D:10 (give 7 scrolls of blinking)

Annotations:
D:11 2 transporters, horus123's ghost, journeyman HOFi
D:12 exclusions: door and electric eel
Swamp:1 1 runed translucent door, Diaklyn's ghost, adept DsGl; Kirke
Swamp:3 Lernaean hydra

♣♣♣♣≈≈≈≈≈<≈≈≈≈≈♣♣♣
♣♣≈♣♣♣...♣..§≈.♣♣♣≈
♣≈.≈.♣♣♣♣.§≈...♣...
♣.≈≈.♣ ♣♣≈≈≈...≈.≈≈
♣.≈≈.♣ ♣≈≈≈≈≈.♣♣.≈≈
♣♣≈..♣♣♣♣.≈≈≈♣≈♣♣♣♣
♣.....≈.....♣♣♣
♣○D♣≈..≈≈≈..≈♣♣
♣@E♣♣♣.≈≈≈....♣
♣†D♣ ♣.≈≈≈....♣
♣♣≈♣ ♣≈...≈≈≈♣♣ ♣
♣♣♣♣ ♣♣.≈..≈≈♣♣♣♣♣
♣♣≈♣♣ ♣..≈.....♣≈♣♣
♣≈≈≈♣♣♣≈≈≈..≈...♣♣♣
♣.≈≈♣♣≈≈≈≈≈.≈≈..≈.♣
♣≈≈≈...≈≈≈≈≈.≈≈≈≈≈≈
♣♣♣..≈.≈≈≈≈≈≈≈≈≈≈≈.


You could see the 27-headed Lernaean hydra (slow, ally target), a five-headed
hydra and a friendly water elemental (summoned).


Message History

Items here: (((( //// = †. 😕 HP[-13] MP[-8]
You take 13 damage, and now have 74/90 hp.
You lost 8 mp, and now have 14/23 mp.
Activating: Elemental Force (10% risk of failure)
Press: ? - help, Dir - look around, f - activate Clouds arounds you coalesce and take form!
The 27-headed Lernaean hydra bites you but does no damage.
The 27-headed Lernaean hydra bites you!
The 27-headed Lernaean hydra bites you but does no damage.
The 27-headed Lernaean hydra bites you!
You block the 27-headed Lernaean hydra's attack.
The 27-headed Lernaean hydra barely misses you.
You block the 27-headed Lernaean hydra's attack.
The 27-headed Lernaean hydra bites you but does no damage. x2
You block the 27-headed Lernaean hydra's attack. x2
The 27-headed Lernaean hydra closely misses you.
The 27-headed Lernaean hydra bites you but does no damage.
The 27-headed Lernaean hydra bites you.
The 27-headed Lernaean hydra barely misses you.
The 27-headed Lernaean hydra bites you!
You feel more protected from physical attacks.
The 27-headed Lernaean hydra bites you but does no damage. x7
The 27-headed Lernaean hydra closely misses you.
The 27-headed Lernaean hydra bites you but does no damage.
The 27-headed Lernaean hydra closely misses you.
The 27-headed Lernaean hydra bites you.
The five-headed hydra bites you but does no damage.
You block the five-headed hydra's attack.
The five-headed hydra closely misses you.
The five-headed hydra misses you.
The five-headed hydra bites you but does no damage. 😮 HP[-24] MP[-8]
You take 24 damage, and now have 50/90 hp.
MASSIVE DAMAGE!! (PAUSE)
You lost 8 mp, and now have 6/23 mp.
You puncture the five-headed hydra! You bite the five-headed hydra.
You drain its power.
You feel invigorated.
You block the 27-headed Lernaean hydra's attack. x2
The 27-headed Lernaean hydra bites you but does no damage. x2
The 27-headed Lernaean hydra bites you.
The 27-headed Lernaean hydra bites you but does no damage.
The 27-headed Lernaean hydra completely misses you.
The 27-headed Lernaean hydra barely misses you.
The 27-headed Lernaean hydra bites you.
* * * LOW HITPOINT WARNING * * *
You block the 27-headed Lernaean hydra's attack. x2
The 27-headed Lernaean hydra closely misses you.
The 27-headed Lernaean hydra completely misses you.
You block the 27-headed Lernaean hydra's attack.
The 27-headed Lernaean hydra bites you but does no damage. x6
You block the 27-headed Lernaean hydra's attack.
The 27-headed Lernaean hydra bites you!
* * * LOW HITPOINT WARNING * * *
You feel more protected from physical attacks.
The 27-headed Lernaean hydra bites you.
* * * LOW HITPOINT WARNING * * *
The 27-headed Lernaean hydra bites you but does no damage. x4 😨 HP[-16]
You take 16 damage, and now have 34/90 hp.
Unknown command.
As you read the scroll of teleportation {@r4}, it crumbles to dust.
You feel strangely unstable.
The five-headed hydra completely misses you.
You block the five-headed hydra's attack. x3
The five-headed hydra bites you but does no damage.
Your water elemental hits the 27-headed Lernaean hydra!
The 27-headed Lernaean hydra is engulfed in freezing vapours.
The 27-headed Lernaean hydra seems to slow down.
The 27-headed Lernaean hydra bites you!
* * * LOW HITPOINT WARNING * * *
The 27-headed Lernaean hydra bites you but does no damage.
The 27-headed Lernaean hydra completely misses you.
The 27-headed Lernaean hydra bites you but does no damage. x2
The 27-headed Lernaean hydra bites you!
* * * LOW HITPOINT WARNING * * *
You feel more protected from physical attacks.
The 27-headed Lernaean hydra bites you.
* * * LOW HITPOINT WARNING * * *
You block the 27-headed Lernaean hydra's attack.
The 27-headed Lernaean hydra bites you but does no damage. x3
You block the 27-headed Lernaean hydra's attack.
The 27-headed Lernaean hydra bites you but does no damage.
The 27-headed Lernaean hydra barely misses you.
The 27-headed Lernaean hydra closely misses you.
The 27-headed Lernaean hydra bites you but does no damage.
The 27-headed Lernaean hydra bites you.
* * * LOW HITPOINT WARNING * * *
You feel more protected from physical attacks.
The 27-headed Lernaean hydra bites you but does no damage.
The 27-headed Lernaean hydra misses you.
The 27-headed Lernaean hydra barely misses you.
The 27-headed Lernaean hydra bites you!
* * * LOW HITPOINT WARNING * * *
The 27-headed Lernaean hydra bites you but does no damage. x3
The 27-headed Lernaean hydra bites you.
* * * LOW HITPOINT WARNING * * *
The 27-headed Lernaean hydra bites you but does no damage.
The 27-headed Lernaean hydra bites you.
You die...

Skill      XL: |  1  2  3  4  5  6  7  8  9 10 11 12 13 14 15 16 17 |
---------------+----------------------------------------------------+-----
Spellcasting   | 3 |  3.9
Short Blades   | 1 2 3 4 5 7 8 9 10 | 10.0
Fighting       | 1 2 3 4 5 7 9 11 13 14 15 16 | 16.5
Dodging        | 2 3 4 5 6 7 8 9 |  9.1
Conjurations   | 1 2 3 |  3.0
Earth Magic    | 4 |  4.0
Air Magic      | 1 2 |  2.0
Armour         | 5 7 9 11 | 11.2
Shields        | 3 5 6 12 | 12.6
Invocations    | 2 4 |  4.7
Stealth        | |  2.4
Transmutations | |  1.0

Action                   |  1- 3 |  4- 6 |  7- 9 | 10-12 | 13-15 | 16-18 || total
-------------------------+-------+-------+-------+-------+-------+-------++-------
Melee: Whip              |    31 |       |       |       |       |       ||    31
       Bite              |     8 |    28 |    41 |   172 |   735 |   308 ||  1292
       Dagger            |     1 |   139 |   136 |   441 |  1483 |   683 ||  2883
       Punch             |       |     1 |     1 |       |       |       ||     2
       Unarmed           |       |       |       |    11 |       |     9 ||    20
Throw: Stone             |       |       |       |   177 |   559 |   250 ||   986
 Cast: Sandblast         |    33 |    11 |       |       |       |       ||    44
       Stone Arrow       |       |     8 |    58 |       |       |       ||    66
Invok: Upheaval          |       |       |       |       |       |     4 ||     4
       Elemental Force   |       |       |       |       |       |     2 ||     2
Evoke: Box of beasts     |       |       |       |       |       |     1 ||     1
  Use: Scroll            |     3 |     6 |     6 |       |     9 |     7 ||    31
       Potion            |       |       |     1 |       |     9 |     3 ||    13
 Stab: Held in net/web   |       |       |       |     1 |       |       ||     1
       Paralysed         |       |       |       |       |       |     1 ||     1
Armor: Robe              |     5 |    11 |    21 |       |       |       ||    37
       Plate armour      |       |       |     1 |   210 |   586 |   459 ||  1256
Dodge: Dodged            |    22 |    64 |    70 |   143 |   454 |   318 ||  1071
       Repelled          |       |       |       |       |     9 |     7 ||    16
Block: Other             |     2 |     8 |    12 |       |       |     2 ||    24
       Buckler           |       |       |     7 |   196 |   633 |    14 ||   850
       Tower shield      |       |       |       |       |       |   871 ||   871

Levels and vault maps discovered:
D:1:      dpeg_arrival_shelter, layout_loops_ring,
          hellmonk_ecumenical_altar_lost_god, minmay_crystal_water
D:2:      layout_loops_ring, small_statue_intersection, uniq_jessica
D:3:      layout_loops_ring, serial_shops, nicolae_shop_behind_doors,
          gup_sewer_entry_glass
D:4:      layout_loops_ring, serial_shops, shop, grunt_ministairs_13
D:5:      layout_loops_cross, elyvilon_altar_5, lemuel_doored_altar,
          nicolae_ru_great_annihilating_truth,
          mainiacjoe_overflow_large_starburst, minmay_temple_entry_nine_rooms,
          uniq_ijyb
D:6:      layout_basic, fedhas_altar_decomposition, mainiacjoe_overflow_catwalk,
          vehumet_altar_wand_db
D:7:      layout_layer_cave, mainiacjoe_overflow_boulevard, lightli_minifort,
          uniq_duvessa
D:8:      layout_basic, grunt_lair_entry_orc_guard_hut, enter_bailey_6
D:9:      kennysheep_ambush_hall, layout_grid_maze,
          nicolae_qazlal_style_of_elements, yredelemnul_forgotten_temple_becter,
          hiddenorc2_lemuel
D:10:     layout_basic, nemelex_spade_bored_becter, marbit_many_paths,
          trove_entry_hex_spiral, minmay_misc_feat_room, uniq_josephine,
          uniq_psyche, uniq_fannar, uniq_lodul
D:11:     layout_roguey, gammafunk_ghost_stat_death
D:12:     layout_gridville, chequers_big_river, minmay_ruined_shrine
D:13:     layout_layer_cave
D:14:     layout_rooms, erik_vaults_2, serial_bayou_pond_d,
          ebering_ghost_rock_garden
D:15:     hangedman_depths_entry_try_elsewhere_first, layout_basic,
          kennysheep_flooded_box, serial_corexii_hall,
          chequers_hall_statues_corner_a, corexii_hall_statues_s,
          corexii_hall_statues_i, gammafunk_ghost_hydra_chop
Lair:1:   layout_cave_pods, special_room [special_room_bee],
          nicolae_lair_grove_arrangements, infiniplex_staircase_pool
Lair:2:   layout_gridlike, palyth_hydra_swamp_entry
Lair:3:   layout_regular_city, spider_nest_entry_rubble,
          infiniplex_staircase_pool_2, lemuel_fruit_tree
Lair:4:   nzn_winding_woodlands_small [nzn_winding_woodlands_5x15_cabin,
          nzn_winding_woodlands_center_triple_pond,
          nzn_winding_woodlands_5x15_longhouse], layout_hall_layers,
          uniq_amaemon
Lair:5:   minmay_lair_venomous_thicket, layout_misc_corridors, slime_altar_1,
          portal_ice_cave_entry_ice_simulacra, basic_altar
Lair:6:   cheibrodos_lair_end_hotspot, layout_regular_city, st_stairs_5
Swamp:1:  layout_basic_swamp, ebering_ghost_inner_flame, serial_swamp_ruin,
          evilmike_swamp_ruin_house_2, evilmike_swamp_ruin_rubble_2, uniq_louise
Swamp:2:  layout_basic_swamp, hangedman_swamp_ruin_hall, uniq_kirke
Swamp:3:  nicolae_swamp_standing_stones, layout_basic_swamp,
          hangedman_swamp_ruin_wall
Swamp:4:  swamp_alternative, layout_basic_swamp, swamp_pool1,
          grunt_lady_of_the_lake, uniq_mlioglotl
Orc:1:    layout_diamond_mine, serial_shops, nicolae_shop_behind_doors
Orc:2:    grunt_orc_tribal_feast, layout_caves,
          lightli_volcano_entry_magma_tube, basic_altar, minmay_orc_temple_a

Notes
Turn   | Place    | Note
-------+----------+-------------------------------------------
     0 | D:1      | spaghetti the Vine Stalker Earth Elementalist began the
                  | quest for the Orb.
     0 | D:1      | Reached XP level 1. HP: 9/9 MP: 4/4
     0 | D:1      | magus.rc [v1.9.6]
     1 | D:1      | You pick up a book of Necromancy and begin reading...
     1 | D:1      | You add the spells Pain, Animate Skeleton and Vampiric
                  | Draining to your library.
   196 | D:1      | Found a faded altar of an unknown god.
   211 | D:1      | You pick up a book of Frost and begin reading...
   211 | D:1      | You add the spells Freeze, Frozen Ramparts and Hailstorm to
                  | your library.
   217 | D:1      | Prayed at the altar of an unknown god.
   217 | D:1      | Became a worshipper of Qazlal Stormbringer
   217 | D:1      | Reached * piety under Qazlal
   222 | D:1      | Reached XP level 2. HP: 13/13 MP: 4/6
   223 | D:1      | Reached skill level 3 in Spellcasting
   640 | D:1      | Reached XP level 3. HP: 15/16 MP: 9/9
  1086 | D:1      | Reached ** piety under Qazlal
  1205 | D:2      | Identified the +9 dagger of the Freezing Genius {vamp,
                  | *Slow rC++ Int+5}
  1220 | D:2      | HP: 4/16 [poisoned by an adder]
  1221 | D:2      | Reached skill level 1 in Short Blades
  1221 | D:2      | Gained mutation: Your natural rate of healing is unusually
                  | fast. [Vine Stalker growth]
  1221 | D:2      | Reached XP level 4. HP: 6/21 MP: 8/10
  1331 | D:2      | Reached skill level 2 in Short Blades
  1545 | D:2      | Noticed Jessica
  1559 | D:2      | Killed Jessica
  1560 | D:2      | Reached skill level 1 in Fighting
  1560 | D:2      | Reached XP level 5. HP: 25/25 MP: 11/11
  1613 | D:2      | Identified the amulet of the Lumpy Emperors {RegenMP rPois
                  | rF++}
  1675 | D:2      | Learned a level 2 spell: Passwall
  1919 | D:3      | You pick up a book of Burglary and begin reading...
  1919 | D:3      | You add the spells Ensorcelled Hibernation and Swiftness to
                  | your library.
  1969 | D:3      | Learned a level 3 spell: Stone Arrow
  2161 | D:3      | Found Vomnap's Assorted Antiques.
  2167 | D:3      | Bought a scroll of teleportation for 81 gold pieces
  2493 | D:3      | Found a glowing drain.
  2509 | D:3      | Reached skill level 2 in Fighting
  2520 | Sewer    | Entered a sewer
  2682 | Sewer    | Reached skill level 2 in Dodging
  2682 | Sewer    | Reached XP level 6. HP: 17/30 MP: 8/12
  2693 | Sewer    | Reached *** piety under Qazlal
  2746 | Sewer    | Reached skill level 1 in Conjurations
  2977 | D:4      | Found Girij's Book Shop.
  3076 | D:4      | Reached skill level 3 in Short Blades
  3243 | D:4      | Reached skill level 3 in Fighting
  3243 | D:4      | Reached XP level 7. HP: 36/36 MP: 13/13
  3615 | D:5      | Entered Level 5 of the Dungeon
  3619 | D:5      | Reached skill level 2 in Conjurations
  3654 | D:5      | Reached skill level 4 in Fighting
  3654 | D:5      | Reached skill level 3 in Dodging
  3654 | D:5      | Reached skill level 4 in Earth Magic
  3666 | D:5      | Noticed Ijyb
  3670 | D:5      | Killed Ijyb
  3671 | D:5      | Gained mutation: You have razor-sharp teeth. [Vine Stalker
                  | growth]
  3671 | D:5      | Reached XP level 8. HP: 37/42 MP: 3/14
  3694 | D:5      | Found a sacrificial altar of Ru.
  3745 | D:5      | Found a white marble altar of Elyvilon.
  3811 | D:5      | Found a staircase to the Ecumenical Temple.
  3932 | D:5      | Reached skill level 3 in Conjurations
  4015 | D:5      | Reached skill level 4 in Short Blades
  4038 | D:5      | Found a hide-covered altar of Uskayaw.
  4089 | D:5      | Reached skill level 5 in Fighting
  4213 | D:5      | Found a glowing golden altar of the Shining One.
  4232 | D:5      | Found a bloodstained altar of Trog.
  4574 | D:6      | Found an ancient bone altar of Kikubaaqudgha.
  4576 | D:6      | Noticed a shadow
  4583 | D:6      | Killed a shadow
  4584 | D:6      | Reached skill level 4 in Dodging
  4590 | D:6      | Identified the +1 robe of Mutualism {Int+3}
  4606 | D:6      | Learned a level 3 spell: Swiftness
  4618 | D:6      | Found a radiant altar of Vehumet.
  4862 | D:6      | Reached skill level 1 in Air Magic
  4862 | D:6      | Reached XP level 9. HP: 45/48 MP: 5/15
  4884 | D:6      | Reached skill level 6 in Fighting
  4898 | D:6      | Reached skill level 2 in Air Magic
  5050 | D:6      | Found a blossoming altar of Fedhas.
  5544 | D:7      | Gained mutation: You are partially covered in iridescent
                  | scales. (AC +2) [potion of mutation]
  5544 | D:7      | Gained mutation: You are mostly covered in iridescent
                  | scales. (AC +4) [potion of mutation]
  5544 | D:7      | Gained mutation: You are frail. (-10% HP) [potion of
                  | mutation]
  5544 | D:7      | Gained mutation: You are completely covered in iridescent
                  | scales. (AC +6) [potion of mutation]
  5720 | D:6      | Reached skill level 5 in Short Blades
  5732 | D:7      | Reached **** piety under Qazlal
  6019 | D:7      | Identified the +4 plate armour of Gravity {rN+++ Will-
                  | Dex-3 Slay+5}
  6024 | D:7      | Reached skill level 7 in Fighting
  6140 | D:7      | Noticed Dowan
  6141 | D:7      | Found a shadowy altar of Dithmenos.
  6145 | D:7      | Killed Dowan
  6145 | D:7      | Noticed Duvessa
  6151 | D:7      | Killed Duvessa
  6607 | D:7      | Reached skill level 5 in Dodging
  6690 | D:8      | Reached XP level 10. HP: 50/50 MP: 16/16
  6697 | D:8      | Reached skill level 8 in Fighting
  6704 | D:8      | Reached skill level 6 in Short Blades
  6914 | D:8      | Found a staircase to the Lair.
  6927 | Lair:1   | Entered Level 1 of the Lair of Beasts
  6927 | Lair:1   | Noticed a cane toad
  6929 | Lair:1   | Noticed a cane toad
  6936 | Lair:1   | Killed a cane toad
  6937 | Lair:1   | Reached skill level 9 in Fighting
  6939 | Lair:1   | Killed a cane toad
  6939 | Lair:1   | Reached ***** piety under Qazlal
  6940 | Lair:1   | Reached skill level 6 in Dodging
  7099 | Lair:1   | Reached skill level 7 in Short Blades
  7206 | Lair:1   | Reached XP level 11. HP: 52/56 MP: 17/17
  7418 | Lair:1   | Reached skill level 10 in Fighting
  7953 | Lair:1   | Reached skill level 7 in Dodging
  8157 | Lair:2   | Reached skill level 8 in Short Blades
  8182 | Lair:2   | Reached skill level 11 in Fighting
  8315 | Lair:2   | HP: 13/58 [komodo dragon (13)]
  8344 | Lair:2   | Noticed a four-headed hydra
  8458 | Lair:1   | Killed a four-headed hydra
  8502 | Lair:2   | Reached XP level 12. HP: 54/63 MP: 15/18
  8524 | Lair:2   | Reached skill level 1 in Armour
  8628 | Lair:2   | You pick up a book of Blood and begin reading...
  8628 | Lair:2   | You add the spells Sublimation of Blood, Wereblood and
                  | Summon Hydra to your library.
  8811 | Lair:2   | Noticed an eight-headed hydra
  8819 | Lair:2   | Killed an eight-headed hydra
  8828 | Lair:2   | Reached skill level 2 in Armour
  8851 | Lair:2   | You add the spells Ozocubu's Armour and Ozocubu's
                  | Refrigeration to your library.
  8917 | Lair:2   | Noticed a six-headed hydra
  8925 | Lair:2   | Killed a six-headed hydra
  8926 | Lair:2   | Reached skill level 12 in Fighting
  8956 | Lair:2   | Found a staircase to the Swamp.
  9258 | Lair:3   | Reached skill level 3 in Armour
  9288 | Lair:3   | Found a hole to the Spider Nest.
  9359 | Lair:3   | You pick up a book of Blood and begin reading...
  9379 | Lair:3   | Reached skill level 9 in Short Blades
 10152 | Lair:4   | Noticed Amaemon
 10164 | Lair:4   | Killed Amaemon
 10225 | Lair:4   | Reached skill level 4 in Armour
 10438 | Lair:4   | Noticed a death yak
 10451 | Lair:4   | Noticed an eight-headed hydra
 10454 | Lair:4   | Killed a death yak
 10463 | Lair:4   | Killed an eight-headed hydra
 10464 | Lair:4   | Reached skill level 5 in Armour
 10470 | Lair:4   | Noticed an eight-headed hydra
 10491 | Lair:4   | Killed an eight-headed hydra
 10492 | Lair:4   | Reached skill level 13 in Fighting
 10492 | Lair:4   | Reached XP level 13. HP: 69/69 MP: 17/19
 10526 | Lair:4   | Identified the amulet "Nekoiph" {Regen+ Int+4}
 10664 | Lair:4   | Reached ****** piety under Qazlal
 10715 | Lair:4   | You fall into a shaft and drop 2 floors!
 10715 | Lair:6   | Entered Level 6 of the Lair of Beasts
 10813 | Lair:6   | Reached skill level 6 in Armour
 10865 | Lair:6   | You pick up a book of Ice and begin reading...
 10865 | Lair:6   | You add the spells Freezing Cloud, Simulacrum and Polar
                  | Vortex to your library.
 11008 | Lair:6   | Reached skill level 1 in Shields
 11044 | Lair:6   | Reached skill level 10 in Short Blades
 11090 | Lair:6   | Reached skill level 2 in Shields
 11100 | Lair:6   | Reached skill level 7 in Armour
 11343 | Lair:6   | Reached skill level 14 in Fighting
 11505 | Lair:6   | Found a large runed translucent door.
 11505 | Lair:6   | Found a large runed translucent door.
 11517 | Lair:6   | Noticed a fire dragon
 11788 | Lair:6   | Reached skill level 3 in Shields
 12044 | Lair:6   | Killed a fire dragon
 12045 | Lair:6   | Reached skill level 8 in Dodging
 12045 | Lair:6   | Reached XP level 14. HP: 62/75 MP: 14/20
 12245 | Lair:5   | Reached skill level 8 in Armour
 12265 | Lair:5   | Found a sacrificial altar of Ru.
 12272 | Lair:5   | Identified the +6 morningstar of Okawaru's Pride {vamp,
                  | rPois rC- Will+}
 12490 | Lair:5   | Found a viscous altar of Jiyva.
 12491 | Lair:5   | Found a staircase to the Slime Pits.
 12550 | Lair:5   | Found a frozen archway.
 12571 | IceCv    | Entered an ice cave
 12621 | IceCv    | Reached skill level 4 in Shields
 12676 | IceCv    | Got Sif Muna's Compendium of the Glacier
 12780 | IceCv    | Noticed a quicksilver ooze
 12787 | IceCv    | Killed a quicksilver ooze
 12926 | IceCv    | Noticed a quicksilver ooze
 12930 | IceCv    | Noticed an azure jelly
 12934 | IceCv    | Killed a quicksilver ooze
 12943 | IceCv    | Killed an azure jelly
 12957 | IceCv    | Found a viscous altar of Jiyva.
 12977 | IceCv    | Got Piogi's Compendium of Ice
 12982 | IceCv    | Got the +7 hand axe of Ambiguity {freeze, Str-2 Dex+5, axe}
 12986 | IceCv    | Identified a +2 crystal plate armour of cold resistance
 12987 | IceCv    | h - a +2 crystal plate armour of cold resistance {rare=g}
 12989 | IceCv    | Identified the +0 ring mail "Tyijeitz" {Stlth+}
 13152 | Lair:5   | You drop a +2 crystal plate armour of cold resistance
                  | {rare=g}.
 13159 | Lair:5   | h - a +2 crystal plate armour of cold resistance {rare=g}
 14560 | D:9      | Found a stormy altar of Qazlal.
 14709 | D:9      | Reached skill level 15 in Fighting
 14827 | D:9      | Reached skill level 9 in Armour
 14866 | D:9      | Found a staircase to the Orcish Mines.
 15008 | D:9      | Identified the +8 dagger of the Thirsty Heavens {freeze,
                  | Int+3 Dex+2}
 15097 | D:9      | You pick up a book of the Wilderness and begin reading...
 15097 | D:9      | You add the spells Summon Forest, Summon Mana Viper and
                  | Summon Cactus Giant to your library.
 15250 | D:9      | Found a basalt altar of Yredelemnul.
 15657 | D:10     | Entered Level 10 of the Dungeon
 15687 | D:10     | You fall into a shaft and drop 3 floors!
 15928 | D:13     | Reached skill level 5 in Shields
 16014 | D:13     | You drop a +2 crystal plate armour of cold resistance
                  | {rare=g}.
 16015 | D:13     | h - a +2 crystal plate armour of cold resistance {rare=g}
 16795 | D:14     | Reached XP level 15. HP: 58/81 MP: 17/21
 16795 | D:14     | You are cast into the Abyss!
 16795 | D:14     | Cast into level 2 of the Abyss (a wizard)
 16841 | Abyss:2  | Noticed a tentacled starspawn
 16930 | Abyss:2  | Noticed a tentacled starspawn
 16968 | Abyss:2  | Killed a tentacled starspawn
 16969 | Abyss:2  | Noticed a revenant
 16995 | Abyss:2  | Noticed a bone dragon
 16997 | Abyss:2  | HP: 18/81 [bone dragon (11)]
 17027 | Abyss:2  | Noticed a tentacled starspawn
 17040 | Abyss:2  | Killed a tentacled starspawn
 17143 | D:14     | You pass through the gate.
 17143 | D:14     | Escaped the Abyss
 17402 | D:14     | Reached skill level 10 in Armour
 17462 | D:14     | Reached skill level 6 in Shields
 17732 | D:14     | Found a runed translucent gate.
 17732 | D:14     | Found a runed translucent gate.
 17732 | D:14     | Found a runed translucent gate.
 17734 | D:14     | Noticed spaghetti's ghost (journeyman DsBe)
 17877 | D:14     | Found a gate to the Vaults.
 17984 | D:14     | Killed spaghetti's ghost
 18038 | D:15     | Entered Level 15 of the Dungeon
 18406 | D:15     | Reached skill level 16 in Fighting
 18424 | D:15     | Noticed an emperor scorpion
 18454 | D:15     | Killed an emperor scorpion
 18457 | D:15     | Found a staircase to the Depths.
 18849 | D:15     | Found a runed translucent gate.
 18849 | D:15     | Found a runed translucent gate.
 18849 | D:15     | Found a runed translucent gate.
 18852 | D:15     | Noticed AyAyRon's ghost (adept DsFi)
 19274 | D:15     | Killed AyAyRon's ghost
 19296 | D:15     | Identified the ring of Birdsong {rF+ Dex+4}
 19910 | D:12     | Reached skill level 11 in Armour
 19981 | D:12     | You pick up a book of Frost and begin reading...
 20012 | D:12     | Found a hide-covered altar of Uskayaw.
 20672 | D:11     | Reached skill level 9 in Dodging
 20841 | D:11     | Found a transporter.
 20856 | D:11     | Noticed horus123's ghost (journeyman HOFi)
 21000 | D:11     | Reached XP level 16. HP: 87/87 MP: 22/22
 21147 | D:11     | Found a transporter.
 21199 | D:11     | You drop a +2 crystal plate armour of cold resistance
                  | {rare=g}.
 21211 | D:11     | h - a +2 crystal plate armour of cold resistance {rare=g}
 21417 | D:10     | Noticed Lodul
 21430 | D:10     | Killed Lodul
 21431 | D:10     | Reached skill level 7 in Shields
 21483 | D:10     | You add the spells Sting, Poisonous Vapours and Olgreb's
                  | Toxic Radiance to your library.
 21608 | D:10     | Noticed Fannar
 21628 | D:10     | Killed Fannar
 21656 | D:10     | Reached skill level 8 in Shields
 21663 | D:10     | Noticed Psyche
 21670 | D:10     | Killed Psyche
 21680 | D:10     | Noticed Josephine
 21688 | D:10     | Killed Josephine
 21812 | D:10     | Found a sparkling altar of Nemelex Xobeh.
 21920 | D:10     | Found a portal to a secret trove of treasure.
 22064 | D:10     | This trove needs 7 scrolls of blinking to function. Give it
                  | the items?
 22181 | Orc:1    | Entered Level 1 of the Orcish Mines
 22348 | Orc:2    | Entered Level 2 of the Orcish Mines
 22366 | Orc:2    | HP: 20/87 [orc knight/+0 battleaxe of distortion (17)]
 22662 | Orc:2    | Reached skill level 9 in Shields
 22673 | Orc:2    | Paralysed by an orc sorcerer for 6 turns
 22816 | Orc:2    | Found Fiqe's Jewellery Shop.
 22816 | Orc:2    | Found Sephum's Book Emporium.
 22820 | Orc:2    | Found Xoubrero's Antique Armour Shop.
 22820 | Orc:2    | Found Wanokoil's Antique Armour Emporium.
 23205 | Orc:2    | Found a staircase to the Elven Halls.
 23569 | Swamp:1  | Entered Level 1 of the Swamp
 23614 | Swamp:1  | Found a runed translucent door.
 23615 | Swamp:1  | Noticed Diaklyn's ghost (adept DsGl)
 23616 | Swamp:1  | Noticed a tentacled monstrosity
 23649 | Swamp:1  | Reached skill level 10 in Shields
 24006 | Swamp:1  | Noticed Louise
 24009 | Swamp:1  | You are cast into the Abyss!
 24009 | Swamp:1  | Cast into level 3 of the Abyss (Louise)
 24033 | Swamp:1  | You pass through the gate.
 24033 | Swamp:1  | Escaped the Abyss
 24059 | Swamp:1  | Killed Louise
 24060 | Swamp:1  | Reached skill level 11 in Shields
 24108 | Swamp:1  | O - a +3 vampiric eveningstar {macerare=g}
 24416 | Swamp:2  | HP: 20/87 [four-headed hydra (7)]
 24419 | Swamp:2  | HP: 6/87 [seven-headed hydra (6)]
 24421 | Swamp:2  | HP: 1/87 [four-headed hydra (4)]
 24680 | Swamp:2  | Noticed Kirke
 24791 | Swamp:1  | HP: 16/87 [swamp dragon[a spriggan druid] (9)]
 25053 | Swamp:2  | Reached skill level 1 in Invocations
 25085 | Swamp:2  | Reached skill level 12 in Shields
 25182 | Swamp:2  | You drop a +2 crystal plate armour of cold resistance
                  | {rare=g}.
 25193 | Swamp:2  | h - a +2 crystal plate armour of cold resistance {rare=g}
 25292 | Swamp:3  | Reached skill level 2 in Invocations
 25426 | Swamp:3  | Reached XP level 17. HP: 53/90 MP: 10/23
 25462 | Swamp:3  | You add the spells Conjure Flame, Ignite Poison and Sticky
                  | Flame to your library.
 25724 | Swamp:3  | Reached skill level 3 in Invocations
 25883 | Swamp:3  | You pick up a book of Debilitation and begin reading...
 25883 | Swamp:3  | You add the spells Slow and Confusing Touch to your
                  | library.
 25902 | Swamp:3  | Paralysed by a fenstrider witch for 7 turns
 26283 | Swamp:4  | Entered Level 4 of the Swamp
 26317 | Swamp:3  | Reached skill level 4 in Invocations
 26360 | Swamp:4  | Noticed the 27-headed Lernaean hydra
 26417 | Swamp:3  | HP: 22/90 [the 27-headed Lernaean hydra (6)]
 26417 | Swamp:3  | HP: 8/90 [the 27-headed Lernaean hydra (10)]
 26417 | Swamp:3  | Slain by the 27-headed Lernaean hydra

Vanquished Creatures
  2 tentacled starspawn (Abyss:2)
  A fenstrider witch (Swamp:3)
  An azure jelly (IceCv)
  The ghost of AyAyRon the Bludgeoner, an adept DsFi of Yredelemnul (D:15)
  29 slime creatures
  Louise (Swamp:1)
  An emperor scorpion (D:15)
  2 quicksilver oozes (IceCv)
  4 eleionomae
  The ghost of spaghetti the Carver, a journeyman DsBe of Trog (D:14)
  2 bunyips (Swamp:1)
  A dire elephant (D:15)
  A fire dragon (Lair:6)
  Josephine (D:10)
  A great orb of eyes (Abyss:2)
  Fannar (D:10)
  4 boulder beetles
  23 hydras
  2 death knights
  8 vault guards
  9 two-headed ogres
  A catoblepas (D:13)
  2 centaur warriors
  A ghost crab (Swamp:1)
  7 alligators
  2 tengu warriors (D:14)
  7 death yaks
  3 orc high priests (Orc:2)
  Amaemon (Lair:4)
  Lodul (D:10)
  5 goliath frogs
  A lindwurm (Lair:6)
  4 bog bodies
  3 swamp dragons
  3 spriggan druids
  2 wizards (D:13)
  2 large abominations (Abyss:2)
  A necromancer (Swamp:3)
  2 deep elf pyromancers
  A phantasmal warrior (D:12)
  3 harpies (D:15)
  5 orc sorcerers
  5 orc knights
  4 cyclopes
  11 ugly things
  2 manticores
  6 will-o-the-wisps
  An ice statue (IceCv)
  6 elephants
  2 black mambas
  A torpor snail (Lair:4)
  An orange demon (Lair:4)
  11 cane toads
  3 molten gargoyles (Lair:6)
  16 komodo dragons
  2 freezing wraiths
  2 rime drakes
  A kobold demonologist (D:11)
  An efreet (D:12)
  Psyche (D:10)
  An unseen horror (D:12)
  A queen bee (Lair:1)
  3 trolls
  3 entropy weaver simulacra (IceCv)
  A polar bear (Lair:2)
  5 tyrant leeches
  5 hornets
  A raiju (Abyss:2)
  19 blink frogs
  5 dream sheep (Lair:5)
  3 small abominations
  3 spriggans
  39 yaks
  2 water elementals
  2 vampires
  7 wraiths
  4 shadows
  6 wyverns
  3 steam dragons
  3 hogs (Swamp:2)
  11 basilisks
  3 redbacks
  21 vampire mosquitoes
  A death yak simulacrum (Lair:5)
  5 acid dragons
  8 swamp worms
  4 demonic crawler simulacra (IceCv)
  3 wargs
  11 water moccasins
  4 hell hounds (Lair:6)
  Duvessa (D:7)
  2 swamp drakes (Swamp:1)
  18 orc warriors
  4 black bears
  4 ugly thing simulacra (IceCv)
  A sky beast (D:7)
  3 ice beasts
  5 ogres
  19 wolves
  2 centaurs
  A phantom (D:4)
  4 kobold brigands
  A necrophage (D:5)
  2 cane toad simulacra (Lair:5)
  A glowing shapeshifter simulacrum (IceCv)
  9 bullfrogs
  A gnoll sergeant (D:6)
  4 scorpions
  5 wights
  Dowan (D:7)
  28 killer bees
  5 howler monkeys
  6 electric eels
  5 lava snakes (Lair:6)
  A quasit (Abyss:2)
  21 orc priests
  3 hounds
  2 jellies
  Jessica (D:2)
  Ijyb (D:5)
  4 iguanas
  22 orc wizards
  A wolf simulacrum (Lair:5)
  7 gnolls
  20 adders
  A river rat (Sewer)
  2 shadow imps
  2 worms
  2 dart slugs (D:1)
  73 orcs
  5 bats
  13 endoplasms
  4 giant cockroaches
  5 goblins
  12 hobgoblins
  3 jackals
  5 quokkas
  10 ball pythons
  4 frilled lizards
  20 kobolds
  7 rats
  A spectral orc (D:9)
800 creatures vanquished.

Vanquished Creatures (others)
  A hydra (Swamp:2)
  2 bloated husks (Swamp:2)
  A slime creature (IceCv)
  A swamp worm (Swamp:3)
  2 orc wizards
  50 foxfires
  30 fungi
  80 plants
  15 starspawn tentacles (Abyss:2)
182 creatures vanquished.

Grand Total: 982 creatures vanquished

Table legend:
 A = Non-vault XP
 B = Vault XP
 C = Vault XP percentage of total XP
 D = Non-vault monster count
 E = Vault monster count
 F = Vault count percentage of total count
                 A         B        C        D         E       F
            +---------+---------+-------+---------+---------+-------
      Total |  119170 |   76493 |  39.1 |     517 |     287 |  35.7
            +---------+---------+-------+---------+---------+-------
        D:1 |      54 |       0 |   0.0 |      32 |       0 |   0.0
        D:2 |      81 |      37 |  31.4 |      17 |       1 |   5.6
        D:3 |      87 |      31 |  26.3 |      18 |       4 |  18.2
        D:4 |     209 |     109 |  34.3 |       7 |       2 |  22.2
        D:5 |     989 |      41 |   4.0 |      20 |       5 |  20.0
        D:6 |    1185 |       1 |   0.1 |      15 |       1 |   6.2
        D:7 |     910 |     350 |  27.8 |      17 |       5 |  22.7
        D:8 |    2069 |     905 |  30.4 |      24 |       6 |  20.0
        D:9 |     946 |    1341 |  58.6 |      19 |      41 |  68.3
       D:10 |     868 |    9555 |  91.7 |      12 |      15 |  55.6
       D:11 |    3574 |       0 |   0.0 |      20 |       0 |   0.0
       D:12 |    7689 |    2456 |  24.2 |      29 |       5 |  14.7
       D:13 |    8592 |     887 |   9.4 |      18 |       1 |   5.3
       D:14 |    9761 |    7067 |  42.0 |      17 |       8 |  32.0
       D:15 |    6316 |    5965 |  48.6 |      17 |       7 |  29.2
     Lair:1 |    6460 |    1774 |  21.5 |      25 |      24 |  49.0
     Lair:2 |    4590 |    2574 |  35.9 |      21 |       5 |  19.2
     Lair:3 |    2062 |     181 |   8.1 |      11 |       1 |   8.3
     Lair:4 |    3252 |    5697 |  63.7 |      14 |      12 |  46.2
     Lair:5 |    7010 |    1601 |  18.6 |      23 |      16 |  41.0
     Lair:6 |   13050 |    8176 |  38.5 |      35 |      31 |  47.0
    Swamp:1 |   11964 |    1242 |   9.4 |      26 |       1 |   3.7
    Swamp:2 |   11995 |     577 |   4.6 |      22 |       3 |  12.0
    Swamp:3 |    9455 |    6994 |  42.5 |      19 |       9 |  32.1
    Swamp:4 |    1050 |       0 |   0.0 |       2 |       0 |   0.0
      Orc:1 |    1957 |     751 |  27.7 |       8 |       4 |  33.3
      Orc:2 |    2258 |    6607 |  74.5 |      17 |      33 |  66.0
    Abyss:2 |       0 |       0 |   N/A |      10 |       0 |   0.0
      Sewer |       0 |     155 | 100.0 |       0 |      19 | 100.0
      IceCv |     737 |   11419 |  93.9 |       2 |      28 |  93.3
            +---------+---------+-------+---------+---------+-------

Illustrated notes

Table legend:
 A = Kills in this place as a percentage of kills in entire the game.
 B = Kills by you in this place as a percentage of kills by you in the entire game.
 C = Kills by friends in this place as a percentage of kills by friends in the entire game.
 D = Other kills in this place as a percentage of other kills in the entire game.
 E = Experience gained in this place as a percentage of experience gained in the entire game.
 F = Experience gained in this place divided by the number of levels of this place that you have seen.
                   A       B       C       D       E      F
               +-------+-------+-------+-------+-------+----------------------
         Total | 100.0 | 100.0 |   N/A | 100.0 | 100.0 | 6114.5
       Dungeon |  47.6 |  47.8 |   N/A |  25.0 |  36.8 | 4805.0
          Lair |  27.1 |  27.2 |   N/A |   0.0 |  28.8 | 9404.5
         Swamp |  10.2 |  10.0 |   N/A |  50.0 |  22.1 | 10819.2
  Orcish Mines |   7.7 |   7.8 |   N/A |   0.0 |   5.9 | 5786.5
         Abyss |   1.2 |   1.2 |   N/A |   0.0 |   0.0 |   0.0
         Sewer |   2.4 |   2.4 |   N/A |   0.0 |   0.1 | 155.0
      Ice Cave |   3.7 |   3.6 |   N/A |  25.0 |   6.2 | 12156.0
               +-------+-------+-------+-------+-------+----------------------

Table legend: (Time is in decaauts)
 A = Elapsed time spent in this place.
 B = Non-inter-level travel time spent in this place.
 C = Inter-level travel time spent in this place.
 D = Time resting spent in this place.
 E = Time spent auto-exploring this place.
 F = Levels seen in this place.
 G = Mean time per level.
                   A        B        C        D        E       F      G
               +--------+--------+--------+--------+--------+-----+--------+
         Total |  25932 |  24432 |   1500 |    947 |  17913 |  32 |  810.4 |
       Dungeon |  14459 |  13588 |    871 |    446 |  10620 |  15 |  963.9 |
          Lair |   6242 |   5782 |    460 |    112 |   4489 |   6 | 1040.3 |
         Swamp |   2976 |   2837 |    139 |    370 |   1685 |   4 |  744.0 |
  Orcish Mines |   1156 |   1127 |     29 |      0 |    685 |   2 |  578.0 |
         Abyss |    318 |    318 |      0 |     19 |     73 |   3 |  106.0 |
         Sewer |    334 |    334 |      0 |      0 |    158 |   1 |  334.0 |
      Ice Cave |    444 |    444 |      0 |      0 |    200 |   1 |  444.0 |
               +--------+--------+--------+--------+--------+-----+--------+

Top non-repeatable levels by time:
  Lair:1: 1421 daAuts
  Lair:6: 1388 daAuts
     D:9: 1314 daAuts
    D:15: 1290 daAuts
    D:13: 1230 daAuts
     D:1: 1207 daAuts
     D:7: 1198 daAuts
    D:12: 1188 daAuts
 Swamp:3: 1187 daAuts
     D:6: 972 daAuts
  Lair:2: 965 daAuts
 Swamp:1: 947 daAuts
   Orc:2: 912 daAuts
     D:8: 899 daAuts
  Lair:3: 893 daAuts
